 Dungeon Crawl Stone Soup version 0.25-a0-860-gf695395b5c (console) character file.

Game seed: 12724813161364648754, levelgen mode: classic

7 Duffy the Firebug (level 1, 0/13 HPs)
             Began as a Demonspawn Fire Elementalist on Apr 27, 2020.
             Succumbed to a worker ant's poison
             ... on level 4 of the Dungeon.
             The game lasted 00:01:01 (681 turns).

Duffy the Firebug (Demonspawn Fire Elementalist)     Turns: 681, Time: 00:01:02

Health: 0/13       AC:  2    Str:  8    XL:     1   Next: 83%
Magic:  1/3        EV: 12    Int: 16    God:
Gold:   26         SH:  0    Dex: 13    Spells: 4/4 levels left

rFire    . . .     SeeInvis .   c - 2 rations
rCold    . . .     Gourm    .   (no shield)
rNeg     . . .     Faith    .   a - +0 robe
rPois    .         Spirit   .   (no helmet)
rElec    .         Reflect  .   (no cloak)
rCorr    .         Harm     .   (no gloves)
MR       .....                  (no boots)
Stlth    ++........             (no amulet)
HPRegen  0.04/turn              (no ring)
MPRegen  0.08/turn              (no ring)

@: lethally poisoned (0 -> -11)
A: no striking features
a: no special abilities


You were on level 4 of the Dungeon.
You were not hungry.

You visited 1 branch of the dungeon, and saw 4 of its levels.

You collected 26 gold pieces.

Inventory:

Armour
 a - a +0 robe (worn)
Scrolls
 d - a scroll of fog {unknown}
 e - a scroll of remove curse {unknown}
Comestibles
 c - 2 rations (in hand)
 f - a chunk of flesh


   Skills:
 + Level 0.0 Fighting
 - Level 1.7 Dodging
 - Level 1.7 Stealth
 - Level 2.0 Spellcasting
   Level 2.0 Conjurations
   Level 2.6 Fire Magic


You had 4 spell levels left.
You didn't know any spells.
Your spell library contained the following spells:

 Spells                   Type           Power        Failure   Level  Hunger
 Foxfire                  Conj/Fire      #...         8%          1    #......
 Conjure Flame            Conj/Fire      #.......     24%         3    ###....
 Inner Flame              Hex/Fire       #.......     34%         3    ###....
 Sticky Flame             Conj/Fire      #.......     61%         4    #####..
 Fireball                 Conj/Fire      #.........   91%         5    ######.


Dungeon Overview and Level Annotations

Branches:
Dungeon (4/15)
 Temple: D:4-7

Altars:

Annotations:
D:3 Ijyb


Message History

You aren't carrying any potions.
As you read the scroll labeled JONOYG LAINKU, it crumbles to dust.
It is a scroll of amnesia.
Forget Foxfire, freeing 1 spell level for a total of 4?
Your memory of Foxfire unravels.
You feel sick. The worker ant barely misses you.
You stop training Conjurations.
You need to enable at least one skill for training.
Really attack while wielding your 2 rations? [Y]es or [N]o only, please.
Really attack while wielding your 2 rations? [Y]es or [N]o only, please.
Really attack while wielding your 2 rations?
You closely miss the worker ant.
The worker ant is moderately wounded.
You feel sick. The worker ant bites you!
Ouch! That really hurt!
The worker ant barely misses you.
You closely miss the worker ant.
The worker ant is moderately wounded.
You die...

##<..........
##...........~~.
..#............~~7.
...............#~7~P
.................~..
........#..####.....
.##.#.####.........
...#. #.....#.. ..
.. ##..@.# . ###a.##
#. ####...# #.#
#......#
..#...#....#..#
.........##..##
....###### ##... ..
#... ##.


You could see a worker ant.

Vanquished Creatures
  2 goblins (D:3)
  A hobgoblin (D:2)
  A quokka (D:2)
  A ball python (D:3)
  A bat (D:3)
  A rat (D:3)
7 creatures vanquished.

Vanquished Creatures (others)
  27 foxfires
27 creatures vanquished.

Grand Total: 34 creatures vanquished

Notes
Turn   | Place    | Note
-------+----------+-------------------------------------------
     0 | D:1      | Duffy the Demonspawn Fire Elementalist began the quest for
                  | the Orb.
     0 | D:1      | Reached XP level 1. HP: 13/13 MP: 3/3
     3 | D:1      | Noticed a minotaur zombie
    11 | D:1      | Noticed a minotaur zombie
    17 | D:1      | Noticed a merfolk zombie
   107 | D:3      | Noticed Ijyb
   668 | D:4      | Noticed a worker ant
   681 | D:4      | Succumbed to a worker ant's poison

Levels and vault maps discovered:
D:1:      shiori_arrival_whats_in_store_for_you, layout_basic
D:2:      layout_loops_ring, kennysheep_generic_room_15
D:3:      layout_basic, uniq_ijyb
D:4:      layout_cave_pools, marbit_many_paths, serial_bayou,
          serial_bayou_lake_a, serial_bayou_shore_b, serial_bayou_pond_b,
          serial_bayou_pond_d, first_ration, st_stairs_12, uniq_eustachio,
          uniq_menkaure

Skill      XL: |  1 |
---------------+----+-----
Conjurations   | 2 |  2.0
Dodging        | |  1.7
Stealth        | |  1.7
Spellcasting   | |  2.0
Fire Magic     | |  2.6

Action                   || total
-------------------------++-------
 Cast: Foxfire           ||    23
  Use: Scroll            ||     1
Armor: Robe              ||     1
Dodge: Dodged            ||    14

Table legend:
 A = Non-vault XP
 B = Vault XP
 C = Vault XP percentage of total XP
 D = Non-vault monster count
 E = Vault monster count
 F = Vault count percentage of total count
                 A         B        C        D         E       F
            +---------+---------+-------+---------+---------+-------
      Total |       8 |       2 |  20.0 |       6 |       1 |  14.3
            +---------+---------+-------+---------+---------+-------
        D:2 |       2 |       2 |  50.0 |       1 |       1 |  50.0
        D:3 |       6 |       0 |   0.0 |       5 |       0 |   0.0
            +---------+---------+-------+---------+---------+-------
